 Dungeon Crawl Stone Soup version 0.30-a0-718-geaa24f58ff (webtiles) character file.

Game seed: 400008105981964931

14553 Shayle the Nimble (level 12, -3/71 (79) HPs)
             Began as a Tengu Brigand on Jan 25, 2023.
             Was a Follower of Ashenzari.
             Slain by a spectral boulder beetle (12 damage)
             ... on level 10 of the Dungeon.
             The game lasted 00:44:25 (12902 turns).

Shayle the Nimble (Tengu Brigand)                  Turns: 12902, Time: 00:44:25

HP:   -3/71 (79)    AC:  6    Str: 11    XL:     12   Next: 17%
MP:   0/35          EV: 27    Int: 16    God:    Ashenzari [*.....]
Gold: 142           SH:  0    Dex: 17    Spells: 24/30 levels left

rFire   . . .      SeeInvis .    l - +4 scythe (venom)
rCold   . . .      Faith    .    (shield currently unavailable)
rNeg    . . .      Spirit   +    O - +1 robe {Archmagi}
rPois   .          Reflect  .    (helmet restricted)
rElec   .          Harm     .    c - +1 cloak of the Astral Incredulity {Cun, Self} (curse)
rCorr   .          Rampage  .    E - +0 pair of gloves
Will    .....      Archmagi +    (boots unavailable)
Stlth   +++++                    C - amulet of the Fated Dismay {Spirit, Bglg, Self} (curse)
HPRegen 0.31/turn                q - ring of magical power
MPRegen 0.24/turn                x - +5 ring of evasion

@: mighty, flying quickly and evasively, heavily drained, quick
A: beak, talons 3, nimble flight
a: Renounce Religion, Curse Item, Shatter the Chains


You were on level 10 of the Dungeon.
You worshipped Ashenzari.
Ashenzari was aware of your devotion.
You visited 2 branches of the dungeon, and saw 11 of its levels.
You visited the Abyss 1 time.

You collected 543 gold pieces.
You spent 401 gold pieces at shops.

Inventory:

Hand Weapons
 a - a +2 dagger
 h - a +2 short sword of venom
 k - a +1 mace of draining
 l - a +4 scythe of venom (weapon)
 t - a +1 hammer of holy wrath
Missiles
 d - 49 poisoned darts
 e - 7 curare-tipped darts (quivered)
 r - a throwing net
 F - 5 silver boomerangs
Armour
 b - a +0 robe
 c - the cursed +1 cloak of the Astral Incredulity (worn) {Cun, Self}

   It has a curse which improves the following skills: Cunning: Dodging and
   Stealth.
   Introspection: Fighting and Spellcasting.
 E - a +0 pair of gloves (worn)
 O - a +1 robe of the Archmagi (worn)
Jewellery
 q - a ring of magical power (left hand)
 x - a +5 ring of evasion (right hand)
 C - the cursed amulet of the Fated Dismay (around neck) {Spirit, Bglg, Self}
   (You found it on level 4 of the Dungeon)

   [amulet of guardian spirit]

   It causes incoming damage to be divided between your reserves of health and
   magic.
   It has a curse which improves the following skills: Beguiling: Conjurations,
   Hexes and Translocations.
   Introspection: Fighting and Spellcasting.
 P - a ring of willpower
Wands
 m - a wand of digging (9)
 u - a wand of iceblast (3)
 y - a wand of polymorph (18)
 N - a wand of charming (4)
Scrolls
 f - a scroll of silence
 g - 2 scrolls of blinking
 n - 5 scrolls of teleportation
 o - 3 scrolls of magic mapping
 w - a scroll of fear
 A - 2 scrolls of fog
 G - 3 scrolls of identify
 J - 2 scrolls of poison
 L - a scroll of immolation
 M - a scroll of brand weapon
Potions
 i - a potion of mutation
 p - a potion of ambrosia
 s - 3 potions of attraction
 v - 2 potions of resistance
 z - a potion of magic
 B - a potion of cancellation
 D - 3 potions of haste
 H - 2 potions of curing
 I - a potion of lignification
 K - a potion of brilliance


   Skills:
 + Level 9.5(10.8) Fighting
 - Level 2.1 Short Blades
 - Level 2.0 Throwing
 + Level 10.2(11.0) Dodging
 - Level 9.7(10.6) Stealth
 + Level 8.4(9.7) Spellcasting
 + Level 3.5(4.3) Translocations
 + Level 3.9 Ice Magic
 + Level 5.8 Air Magic


You had 24 spell levels left.
You knew the following spells:

 Your Spells              Type           Power      Damage    Failure   Level
a - Frozen Ramparts       Ice            60%        1d10      5%          3
b - Hailstorm             Conj/Ice       21%        3d6       12%         3

Your spell library contained the following spells:

 Spells                   Type           Power      Damage    Failure   Level
 Freeze                   Ice            100%       1d10      1%          1
 Ensorcelled Hibernation  Hex/Ice        42%        N/A       6%          2
 Kiss of Death            Conj/Necr      44%        2d8       10%         1
 Portal Projectile        Hex/Tloc       44%        N/A       12%         3
 Confusing Touch          Hex            12%        N/A       26%         3
 Tukima's Dance           Hex            12%        N/A       26%         3
 Spider Form              Tmut/Pois      11%        N/A       28%         3
 Anguish                  Hex/Necr       5%         N/A       67%         4
 Dispel Undead            Necr           11%        3d9       67%         4
 Blade Hands              Tmut           5%         N/A       95%         5


Dungeon Overview and Level Annotations

Branches:
Dungeon (10/15)            Temple (1/1) D:7            Lair (0/5) D:10
    Orc (0/2) D:10

Altars:
Ashenzari
Cheibriados
Dithmenos
Elyvilon
Fedhas
Gozag
Hepliaklqana
Kikubaaqudgha
Makhleb
Nemelex Xobeh
Okawaru
Qazlal
Ru
Sif Muna
Trog
Uskayaw
Vehumet
Wu Jian
Xom
Yredelemnul
Zin
The Shining One

Shops:
D:8 ?

Annotations:
D:3 1 runed translucent door, sirJeffrey23's ghost, amateur HOFi
D:4 Dowan; Duvessa
D:7 3 runed translucent doors, mandoloar's ghost, novice DEHu


Innate Abilities, Weirdness & Mutations

You have a beak for a mouth.
You have claws for feet.
Your magical nature lets you fly swiftly and evasively.


Message History

The spectral boulder beetle is moderately damaged.
The spectral boulder beetle bites you!
You hit the spectral boulder beetle but do no damage.
You claw the spectral boulder beetle. You peck the spectral boulder beetle.
The spectral boulder beetle is heavily damaged.
The spectral boulder beetle bites you! The spectral boulder beetle bites you.
* * * LOW HITPOINT WARNING * * *
You feel drained.
You hit the spectral boulder beetle.
You peck the spectral boulder beetle, but do no damage.
The spectral boulder beetle is heavily damaged.
The spectral boulder beetle bites you.
* * * LOW HITPOINT WARNING * * *
You hit the spectral boulder beetle but do no damage.
You claw the spectral boulder beetle, but do no damage.
You peck the spectral boulder beetle, but do no damage.
The spectral boulder beetle is heavily damaged.
The spectral boulder beetle misses you. x2
You feel very mighty all of a sudden.
The spectral boulder beetle closely misses you.
You hit the spectral boulder beetle but do no damage.
You claw the spectral boulder beetle, but do no damage.
You peck the spectral boulder beetle.
The spectral boulder beetle is heavily damaged.
The spectral boulder beetle completely misses you.
You slash the spectral boulder beetle!
You claw the spectral boulder beetle, but do no damage.
The spectral boulder beetle is heavily damaged.
The spectral boulder beetle completely misses you. x2
You hit the spectral boulder beetle but do no damage.
You claw the spectral boulder beetle.
The spectral boulder beetle is severely damaged.
The spectral boulder beetle bites you!!
* * * LOW HITPOINT WARNING * * *
You feel drained.
* * * LOW HITPOINT WARNING * * *
You slash the spectral boulder beetle! You claw the spectral boulder beetle!
The spectral boulder beetle is almost destroyed.
The spectral boulder beetle misses you. The spectral boulder beetle bites you!
You die...

.......# ####...####
......## #..#._....#
.....#### ..#...##.#
.....#..###.#...⌠#.#
............######.#
#†....÷......## ##.#
#......÷.###..###..#
#.#..(...#.....##.##
≈≈≈≈÷≈≈≈≈≈..8..<@.#
≈≈≈≈≈~≈≈≈≈≈.....Z.##
# >
######...≈[≈..#)...#
.#.# ##...≈≈≈.....##
....#
##...≈≈...##.####...#
##..≈≈##........♣
##.≈≈##......).....#
##~≈.##.............
#≈~.#...........♣..


You could see a spectral boulder beetle.

Vanquished Creatures
  Erolcha (D:9)
  3 two-headed ogres
  Pikel (D:8)
  A spectral centaur (D:10)
  2 centaur zombies (D:10)
  A centaur skeleton (D:10)
  An unseen horror (D:9)
  An unseen horror zombie (D:10)
  A hornet (D:8)
  7 flying skulls
  Sigmund (D:2)
  A centaur simulacrum (D:10)
  4 wyverns
  A wraith (D:9)
  13 yaks
  Eustachio (D:4)
  3 vampire mosquitoes
  4 water moccasins
  2 black bears
  3 ice beasts
  2 sky beasts
  3 ogres
  2 orc warriors
  5 centaurs
  A phantom (D:5)
  2 kobold brigands
  4 bullfrogs
  5 necrophages
  3 scorpions
  3 wights (D:7)
  15 killer bees
  10 howler monkeys
  4 jellies
  A bullfrog zombie (D:7)
  3 orc priests
  A human zombie (D:7)
  Crazy Yiuf (D:2)
  2 hounds (D:5)
  Jessica (D:3)
  5 iguanas
  Natasha (thrice) (D:3)
  7 orc wizards
  3 hell rats
  3 mummies (D:7)
  Robin (D:2)
  3 gnolls (D:2)
  A howler monkey zombie (D:7)
  8 adders
  3 white imps
  3 worms
  4 dart slugs (D:3)
  26 orcs
  8 bats
  9 endoplasms
  A giant cockroach (D:2)
  12 goblins
  13 hobgoblins
  4 jackals (D:4)
  3 quokkas
  8 ball pythons
  4 frilled lizards (D:1)
  21 kobolds
  7 rats
280 creatures vanquished.

Vanquished Creatures (others)
  A bush (D:10)
  7 fungi (D:10)
  23 plants (D:10)
31 creatures vanquished.

Grand Total: 311 creatures vanquished

Notes
Turn   | Place    | Note
-------+----------+-------------------------------------------
     0 | D:1      | Shayle the Tengu Brigand began the quest for the Orb.
     0 | D:1      | Reached XP level 1. HP: 12/12 MP: 2/2
   132 | D:1      | Reached XP level 2. HP: 17/17 MP: 3/3
   308 | D:1      | Reached XP level 3. HP: 19/22 MP: 5/5
   378 | D:1      | Found a faded altar of an unknown god.
   472 | D:2      | Identified the +0 helmet "Coapuale" {+Inv rPois Will-}
   472 | D:2      | Noticed Robin
   485 | D:2      | Reached skill level 1 in Spellcasting
   523 | D:2      | Reached skill level 2 in Dodging
   533 | D:2      | Reached XP level 4. HP: 8/27 MP: 6/6
   726 | D:2      | Noticed Sigmund
   744 | D:2      | Killed Sigmund
   745 | D:2      | Reached skill level 3 in Dodging
   745 | D:2      | Reached skill level 5 in Stealth
   745 | D:2      | Gained mutation: Your magical nature lets you fly swiftly
                  | and evasively. [Tengu growth]
   745 | D:2      | Reached XP level 5. HP: 13/32 MP: 7/9
   745 | D:2      | Reached XP level 6. HP: 16/37 MP: 7/10
  1295 | D:2      | Killed Robin
  1346 | D:2      | Found a runed translucent door.
  1347 | D:2      | Noticed Crazy Yiuf
  1357 | D:2      | Killed Crazy Yiuf
  1606 | D:3      | Noticed Natasha
  1613 | D:3      | Killed Natasha
  1649 | D:3      | Noticed Natasha
  1654 | D:3      | Killed Natasha
  1755 | D:3      | Found a runed translucent door.
  1759 | D:3      | Found a bloodstained altar of Trog.
  1877 | D:3      | Noticed Jessica
  1887 | D:3      | Killed Jessica
  1888 | D:3      | Reached XP level 7. HP: 43/43 MP: 12/12
  1942 | D:3      | Noticed Natasha
  1949 | D:3      | Killed Natasha
  2228 | D:3      | Noticed sirJeffrey23's ghost (amateur HOFi)
  2432 | D:4      | Reached skill level 4 in Dodging
  2652 | D:4      | Noticed Dowan
  2818 | D:4      | Noticed Duvessa
  2874 | D:4      | Noticed Eustachio
  2883 | D:4      | Killed Eustachio
  3161 | D:5      | Entered Level 5 of the Dungeon
  3249 | D:5      | Reached XP level 8. HP: 21/48 MP: 5/14
  3575 | D:5      | Reached skill level 5 in Fighting
  3575 | D:5      | Reached skill level 5 in Dodging
  3981 | D:5      | Identified the +0 robe of the Solstice {-Cast Harm rPois
                  | rN+++ Dex+3}
  4187 | D:6      | Reached skill level 6 in Dodging
  4187 | D:6      | Reached XP level 9. HP: 28/55 MP: 14/17
  4463 | D:6      | Found a shimmering altar of Xom.
  4531 | D:6      | Reached skill level 5 in Spellcasting
  4698 | D:6      | Found a blossoming altar of Fedhas.
  5658 | D:7      | Found a staircase to the Ecumenical Temple.
  5665 | Temple   | Entered the Ecumenical Temple
  5777 | Temple   | Became a worshipper of Ashenzari the Shackled
  5807 | D:7      | Found a runed translucent gate.
  5809 | D:7      | Noticed mandoloar's ghost (novice DEHu)
  5813 | D:7      | Found a runed translucent gate.
  5841 | D:7      | Found a snail-covered altar of Cheibriados.
  6039 | D:7      | Found a runed translucent gate.
  6135 | D:7      | Found a sacrificial altar of Ru.
  6164 | D:7      | Reached skill level 7 in Dodging
  6623 | D:7      | Found an ancient bone altar of Kikubaaqudgha.
  6636 | D:7      | Reached XP level 10. HP: 64/64 MP: 20/20
  7498 | D:8      | Found a burning altar of Makhleb.
  7498 | D:8      | Noticed an Executioner
  7536 | D:7      | Reached skill level 8 in Dodging
  7813 | D:8      | Found Awafrodeo's Magic Scroll Shoppe.
  7835 | D:8      | Bought 2 scrolls of magic mapping for 165 gold pieces
  7835 | D:8      | Bought a scroll of fear for 44 gold pieces
  7835 | D:8      | Bought a scroll of fog for 44 gold pieces
  7835 | D:8      | Bought a scroll of immolation for 44 gold pieces
  7835 | D:8      | Bought a scroll of brand weapon for 104 gold pieces
  8970 | D:8      | Noticed Pikel
  8979 | D:8      | Killed Pikel
  9413 | D:9      | Learned a level 3 spell: Frozen Ramparts
  9450 | D:9      | Killed an unseen horror
  9592 | D:9      | Noticed a two-headed ogre
  9599 | D:9      | Noticed Erolcha
  9708 | D:9      | Reached * piety under Ashenzari
  9902 | D:9      | Learned a level 3 spell: Hailstorm
 10031 | Abyss:1  | Cast into level 1 of the Abyss (Erolcha)
 10052 | D:9      | Escaped the Abyss
 10079 | D:9      | Killed Erolcha
 10080 | D:9      | Reached skill level 9 in Dodging
 10080 | D:9      | Reached skill level 1 in Translocations
 10080 | D:9      | Reached skill level 1 in Ice Magic
 10080 | D:9      | Reached skill level 1 in Air Magic
 10080 | D:9      | Reached XP level 11. HP: 33/72 MP: 5/24
 10259 | D:9      | Noticed a two-headed ogre
 10288 | D:9      | Killed a two-headed ogre
 10428 | D:9      | Killed a two-headed ogre
 10809 | D:10     | Entered Level 10 of the Dungeon
 11886 | D:10     | Found a staircase to the Lair.
 11887 | D:10     | Noticed a two-headed ogre
 11891 | D:10     | Found a staircase to the Orcish Mines.
 11895 | D:10     | Killed a two-headed ogre
 11919 | D:10     | Reached skill level 5 in Air Magic
 12076 | D:9      | Reached skill level 10 in Dodging
 12076 | D:9      | Reached XP level 12. HP: 79/79 MP: 26/26
 12792 | D:10     | Found a shadowy altar of Dithmenos.
 12902 | D:10     | Slain by a spectral boulder beetle

Illustrated notes

Levels and vault maps discovered:
D:1:      dpeg_arrival_pond, layout_rooms, shapermc_ecumenical_altar_petra
D:2:      minmay_evil_eye, layout_rooms, uniq_crazy_yiuf_cottage, uniq_robin,
          uniq_sigmund
D:3:      layout_basic, lightli_temple_of_fire, ebering_ghost_reflecting_pool,
          minmay_crystal_room, grunt_ministairs_1, uniq_natasha, uniq_jessica
D:4:      layout_gridville, uniq_eustachio, uniq_duvessa
D:5:      layout_loops_ring, minivault_26
D:6:      layout_loops_corners, dk_xom_monty_hall,
          mainiacjoe_overflow_tiny_flanked, kennysheep_generic_room_7
D:7:      layout_loops_corners, slow_altar_1, lemuel_doored_altar,
          lemuel_mausoleum_altar_kikubaaqudgha, minmay_temple_entry_ruins,
          gammafunk_ghost_nasty_kobolds
D:8:      layout_loops_corners, makhleb_altar_promises_db, serial_shops,
          shop_statue, minmay_parallelograms, uniq_pikel
D:9:      layout_basic, uniq_erolcha
D:10:     lemuel_vampire_tower, layout_cave_pools, mainiacjoe_overflow_alcove_2,
          minmay_lair_entry_grove, orc_0_dummy
Temple:   nicolae_temple_superstar

Skill      XL: |  1  2  3  4  5  6  7  8  9 10 11 |
---------------+----------------------------------+-----
Spellcasting   | 1 2 3 4 6 7 8 |  8.4
Dodging        | 2 3 4 6 7 9 10 | 10.2
Fighting       | 3 4 5 7 8 9 |  9.5
Stealth        | 5 6 7 8 9 |  9.7
Translocations | 1 3 |  3.5
Ice Magic      | 1 3 |  3.9
Air Magic      | 1 5 |  5.8
Short Blades   | |  2.1
Throwing       | |  2.0

Action                     |  1- 3 |  4- 6 |  7- 9 | 10-12 || total
---------------------------+-------+-------+-------+-------++-------
  Melee: Dagger            |    71 |    34 |       |       ||   105
         Kick              |    16 |    19 |    77 |   149 ||   261
         Peck              |    11 |    13 |    60 |    93 ||   177
         Punch             |     1 |     1 |       |       ||     2
         Halberd           |       |    71 |   270 |   472 ||   813
  Throw: Dart              |       |       |       |     4 ||     4
 Invoke: Curse Item        |       |       |     1 |     1 ||     2
  Evoke: Wand              |       |       |       |    11 ||    11
    Use: Scroll            |       |       |     5 |     9 ||    14
         Potion            |       |       |       |     9 ||     9
   Stab: Sleeping          |     1 |     6 |    28 |     7 ||    42
         Distracted        |       |     1 |     1 |       ||     2
 Armour: Robe              |    12 |    19 |    30 |    95 ||   156
  Dodge: Dodged            |    43 |    98 |   229 |   739 ||  1109

Table legend: (Time is in decaauts)
 A = Elapsed time spent in this place.
 B = Non-inter-level travel time spent in this place.
 C = Inter-level travel time spent in this place.
 D = Time resting spent in this place.
 E = Time spent auto-exploring this place.
 F = Levels seen in this place.
 G = Mean time per level.
                   A        B        C        D        E       F      G
               +--------+--------+--------+--------+--------+-----+--------+
         Total |  12694 |  12135 |    559 |   3874 |   4516 |  12 | 1057.8 |
       Dungeon |  12563 |  12016 |    547 |   3874 |   4461 |  10 | 1256.3 |
        Temple |    112 |    101 |     11 |      0 |     54 |   1 |  112.0 |
         Abyss |     19 |     19 |      0 |      0 |      0 |   1 |   19.0 |
               +--------+--------+--------+--------+--------+-----+--------+

Top non-repeatable levels by time:
     D:9: 3077 daAuts
     D:7: 1974 daAuts
     D:8: 1525 daAuts
     D:6: 1393 daAuts
     D:2: 917 daAuts
     D:4: 847 daAuts
     D:5: 836 daAuts
     D:3: 769 daAuts
    D:10: 705 daAuts
     D:1: 516 daAuts
  Temple: 112 daAuts
 Abyss:1: 19 daAuts
